 Dungeon Crawl Stone Soup version 0.25.1-2-g60ff931df9 (webtiles) character file.

Game seed: 4822047569519771422

12118 Delamore the Basher (level 11, -31/71 HPs)
             Began as a Gargoyle Fighter on Aug 29, 2020.
             Was the Champion of Okawaru.
             Killed from afar by Jorgrun (47 damage)
             ... with an iron shot
             ... on level 14 of the Dungeon.
             The game lasted 00:14:47 (10836 turns).

Delamore the Basher (Gargoyle Fighter)             Turns: 10836, Time: 00:14:47

Health: -31/71     AC: 35    Str: 26    XL:     11   Next: 88%
Magic:  11/11      EV:  7    Int:  9    God:    Okawaru [******]
Gold:   385        SH: 13    Dex: 16    Spells: 10/10 levels left

rFire    . . .     SeeInvis .   a - +0 flail
rCold    . . .     Gourm    .   c - +1 kite shield
rNeg     + . .     Faith    .   t - +5 chain mail of Ablasak {Dex+7}
rPois    ∞         Spirit   .   h - +2 helmet
rElec    +         Reflect  .   H - +2 cloak
rCorr    .         Harm     .   n - +1 pair of gloves {Str+3}
MR       +....                  (no boots)
Stlth    ..........             (no amulet)
HPRegen  0.21/turn              m - ring of protection from magic
MPRegen  0.12/turn              p - +4 ring of protection

@: studying Stealth
A: negative energy resistance 1, electricity resistance, unbreathing,
petrification resistance, rot immunity, AC +8
a: Heroism, Finesse, Renounce Religion


You were on level 14 of the Dungeon.
You worshipped Okawaru.
Okawaru was exalted by your worship.
You were very hungry.

You visited 1 branch of the dungeon, and saw 12 of its levels.
You also visited: Sewer.

You collected 1113 gold pieces.
You spent 728 gold pieces at shops.

Inventory:

Hand Weapons
 a - a +0 flail (weapon)
Missiles
 o - 2 throwing nets (quivered)
 s - 8 javelins
Armour
 c - a +1 kite shield (worn)
 h - a +2 helmet (worn)
 n - a +1 pair of gloves of strength (worn)
 t - the +5 chain mail of Ablasak (worn) {Dex+7}
   (You found it on level 5 of the Dungeon)

   It affects your dexterity (+7).
 H - a +2 cloak (worn)
Jewellery
 k - an uncursed ring of fire
 m - a ring of protection from magic (left hand)
 p - a +4 ring of protection (right hand)
 u - an uncursed ring of resist corrosion
Wands
 b - a wand of polymorph (16)
 e - a wand of flame (6)
 E - a wand of clouds (8)
Scrolls
 j - 3 scrolls of remove curse
 v - 5 scrolls of teleportation
 w - a scroll of random uselessness
 y - 3 scrolls of enchant armour
 z - 3 scrolls of blinking {unknown}
 A - 2 scrolls of fear {unknown}
 B - a scroll of immolation {unknown}
 D - a scroll of magic mapping
 F - a scroll of summoning {unknown}
 I - a scroll of vulnerability {unknown}
 L - a scroll of silence {unknown}
 O - a scroll of identify
Potions
 d - a potion of might
 g - a potion of resistance
 i - 3 potions of haste
 l - 2 potions of stabbing
 r - 8 potions of curing
 C - a potion of flight
 G - 2 potions of lignification {unknown}
 J - 2 potions of mutation {unknown}
 M - a potion of degeneration {unknown}
 N - a potion of heal wounds
Books
 q - a manual of Stealth
Comestibles
 f - 17 rations


   Skills:
 + Level 9.4 Fighting
 - Level 14.0 Maces & Flails
 - Level 5.0 Armour
 + Level 9.4 Shields


You had 10 spell levels left.
You didn't know any spells.
Your spell library contained the following spells:

 Spells                   Type           Power        Failure   Level  Hunger
 Infusion                 Chrm           #...         99%         1    ##.....
 Shroud of Golubria       Chrm/Tloc      #.....       100%        2    ###....
 Song of Slaying          Chrm           #.......     100%        2    ###....
 Ozocubu's Armour         Chrm/Ice       #.......     100%        3    ####...
 Spectral Weapon          Hex/Chrm       #.......     100%        3    ####...


Dungeon Overview and Level Annotations

Branches:
Dungeon (14/15)            Temple (0/1) D:7             Orc (0/2) D:12
 Vaults (0/5) D:13          Sewer (visited)
   Lair: D:8-11

Altars:
Cheibriados
Hepliaklqana
Makhleb
Okawaru
Ru
Wu Jian
The Shining One
Beogh

Shops:
D:5 %   D:8 (?}=   D:12 *

Annotations:
D:14 Jorgrun


Innate Abilities, Weirdness & Mutations

You are resistant to torment.
Your stone body is resilient. (AC +8)
You are immune to poison.
You resist negative energy. (rN+)
You are resistant to electric shocks. (rElec)
You can survive without breathing.
You are immune to petrification.
You are immune to rotting.


Message History

* * * LOW HITPOINT WARNING * * *
Okay, then.
Evoke which item? (* to show all) (? for menu, Esc to quit)
Aiming: Polymorph
Press: ? - help, Shift-Dir - straight line, f - Jorgrun
Aim: Jorgrun, wielding a +0 vorpal quarterstaff and wearing a +0 robe (moderately wounded, chance to defeat MR: 0%)
Okay, then.
Quiver which item? (- for none, * to show all) (? for menu, Esc to quit)
Okay, then.
Throwing (i - inventory. (/) - cycle)
o - 3 throwing nets (quivered)
Press: ? - help, Shift-Dir - straight line, f - Jorgrun
Aim: Jorgrun, wielding a +0 vorpal quarterstaff and wearing a +0 robe (moderately wounded)
You throw a throwing net. The throwing net hits Jorgrun.
Jorgrun is caught in the net!
Jorgrun is moderately wounded.
Jorgrun says, "'tis place shall be yer tomb!"
Jorgrun casts a spell at you. The iron shot hits you!!!
Ouch! That really hurt!
You die...

##+########
#.........#
#.g.......#
#..@......+
#....<....#
###########


You could see Jorgrun (caught).

Vanquished Creatures
  8 vault guards
  2 ugly things
  A kobold demonologist (D:12)
  2 trolls (D:12)
  A queen bee (D:8)
  A hippogriff (D:12)
  A wyvern (D:8)
  2 steam dragons
  A sky beast (D:7)
  An eye of draining (D:13)
  A black bear (D:7)
  2 ice beasts
  4 ogres
  2 phantoms
  3 centaurs
  2 crocodiles
  2 big kobolds (D:12)
  7 bullfrogs
  A gnoll sergeant (D:12)
  A wyvern zombie (D:13)
  A water moccasin zombie (D:7)
  A wyvern skeleton (D:6)
  13 killer bees
  A howler monkey (D:7)
  10 wights (D:6)
  The ghost of DerDa the Grave Robber, a weakling GnWn (D:3)
  A centaur zombie (D:8)
  A bullfrog zombie (D:8)
  3 crimson imps
  A jelly (D:5)
  6 orc wizards
  5 hounds
  3 orc priests (D:12)
  A bullfrog skeleton (D:4)
  Jessica (D:2)
  An iguana (D:7)
  A worker ant (D:13)
  A hound zombie (D:6)
  A mummy (D:5)
  A worker ant zombie (D:7)
  11 gnolls
  9 adders
  2 shadow imps
  An ooze (D:5)
  An adder zombie (D:8)
  An adder skeleton (D:7)
  3 worms
  3 leopard geckos
  22 orcs
  4 bats
  4 giant cockroaches
  7 goblins
  5 hobgoblins
  4 jackals (D:5)
  5 quokkas
  8 ball pythons
  13 frilled lizards
  2 jackal zombies (D:5)
  9 kobolds
  A quokka skeleton (D:8)
  2 rats
216 creatures vanquished.

Vanquished Creatures (others)
  A plant (D:3)
1 creature vanquished.

Grand Total: 217 creatures vanquished

Notes
Turn   | Place    | Note
-------+----------+-------------------------------------------
     0 | D:1      | Delamore the Gargoyle Fighter began the quest for the Orb.
     0 | D:1      | Reached XP level 1. HP: 14/14 MP: 1/1
   282 | D:1      | Reached XP level 2. HP: 15/19 MP: 2/2
   769 | D:2      | Reached XP level 3. HP: 20/23 MP: 3/3
  1681 | D:2      | Noticed Jessica
  1707 | D:2      | Killed Jessica
  1707 | D:2      | Reached XP level 4. HP: 29/29 MP: 4/4
  1927 | D:3      | Found a glowing golden altar of the Shining One.
  2028 | D:3      | Found a transporter.
  2345 | D:3      | Found an iron altar of Okawaru.
  2416 | D:3      | Became a worshipper of Warmaster Okawaru
  2436 | D:3      | Identified the cursed +2 spear "Fiopt" {pain, rF+ rN+
                  | Str+4}
  2442 | D:3      | Found a transporter.
  2622 | D:3      | Reached skill level 3 in Maces & Flails
  2628 | D:3      | Noticed DerDa's ghost (weakling GnWn)
  2637 | D:3      | Reached XP level 5. HP: 14/33 MP: 5/5
  2678 | D:3      | Killed DerDa's ghost
  3104 | D:4      | Found an ornate altar of the Wu Jian Council.
  3233 | D:4      | Reached XP level 6. HP: 39/39 MP: 6/6
  3238 | D:4      | Reached * piety under Okawaru
  3714 | D:5      | Entered Level 5 of the Dungeon
  3740 | D:5      | Noticed a phantom
  3810 | D:5      | Killed a phantom
  3810 | D:5      | Reached skill level 5 in Fighting
  3810 | D:5      | Reached skill level 5 in Armour
  3820 | D:5      | Reached skill level 4 in Maces & Flails
  3820 | D:5      | Reached skill level 5 in Shields
  4044 | D:5      | Reached XP level 7. HP: 44/44 MP: 7/7
  4091 | D:5      | Got a steaming chain mail
  4312 | D:5      | Identified the +5 chain mail of Ablasak {Dex+7} (You found
                  | it on level 5 of the Dungeon)
  4403 | D:5      | Reached skill level 5 in Maces & Flails
  4587 | D:5      | Found a snail-covered altar of Cheibriados.
  4758 | D:5      | Found Vulor's Food Shoppe.
  4945 | D:6      | Reached ** piety under Okawaru
  4945 | D:6      | Reached skill level 6 in Maces & Flails
  4977 | D:6      | Reached XP level 8. HP: 27/49 MP: 8/8
  5024 | D:6      | Reached skill level 7 in Maces & Flails
  5113 | D:6      | Reached skill level 8 in Maces & Flails
  5140 | D:6      | Found a glowing drain.
  5145 | Sewer    | Entered a sewer
  5985 | D:6      | Found a burning altar of Makhleb.
  6048 | D:7      | Reached *** piety under Okawaru
  6048 | D:7      | Reached skill level 9 in Maces & Flails
  6458 | D:7      | Reached XP level 9. HP: 50/54 MP: 9/9
  6589 | D:7      | Reached skill level 10 in Maces & Flails
  6593 | D:7      | Found a staircase to the Ecumenical Temple.
  6639 | D:7      | Found a hazy altar of Hepliaklqana.
  7023 | D:8      | Noticed a queen bee
  7041 | D:8      | Killed a queen bee
  7077 | D:7      | Reached skill level 11 in Maces & Flails
  7530 | D:7      | Reached **** piety under Okawaru
  7591 | D:7      | Reached skill level 12 in Maces & Flails
  7751 | D:8      | Reached XP level 10. HP: 59/59 MP: 10/10
  7907 | D:8      | Found Osijiez's Gadget Boutique.
  7959 | D:8      | Found Vocsis's Magic Scroll Shoppe.
  8014 | D:8      | Found Xatuyl's Jewellery Shoppe.
  8030 | D:8      | Found Jupes's Weapon Shoppe.
  8167 | D:8      | Found a sacrificial altar of Ru.
  8226 | D:8      | Identified a scroll of acquirement
  8227 | D:8      | Acquired 590 gold pieces
  8275 | D:8      | Bought a scroll of acquirement for 728 gold pieces
  8276 | D:8      | Acquired a +1 pair of gloves of strength
  8363 | D:9      | You fall into a shaft and drop 3 floors!
  8415 | D:12     | Noticed a kobold demonologist
  8430 | D:12     | Killed a kobold demonologist
  8430 | D:12     | Reached skill level 13 in Maces & Flails
  8527 | D:12     | Reached ***** piety under Okawaru
  8645 | D:12     | Noticed a brown ugly thing
  8664 | D:12     | Killed a brown ugly thing
  9121 | D:12     | Found Jeusk's General Store.
  9330 | D:12     | Reached skill level 14 in Maces & Flails
  9437 | D:12     | Found a staircase to the Orcish Mines.
  9452 | D:12     | Found a roughly hewn altar of Beogh.
  9744 | D:13     | Noticed a green ugly thing
  9773 | D:13     | Killed a green ugly thing
  9834 | D:13     | Reached XP level 11. HP: 60/64 MP: 11/11
  9861 | D:13     | Noticed a vault guard
  9861 | D:13     | Noticed a vault guard
  9861 | D:13     | Noticed a vault guard
  9868 | D:13     | Noticed a vault guard
  9877 | D:13     | Noticed a vault guard
  9881 | D:13     | Noticed a vault guard
  9905 | D:12     | Killed a vault guard
  9965 | D:13     | Killed a vault guard
  9965 | D:13     | Received a gift from Okawaru
  9966 | D:13     | Got a sheer robe {god gift}
  9977 | D:13     | Identified the +1 robe "Daewiot" {rF++ Str+4 Int-2}
                  | (Okawaru gifted it to you on level 13 of the Dungeon)
 10025 | D:12     | Killed a vault guard
 10035 | D:13     | Noticed a vault guard
 10069 | D:12     | Killed a vault guard
 10069 | D:12     | Reached ****** piety under Okawaru
 10140 | D:13     | Noticed a vault guard
 10164 | D:12     | Killed a vault guard
 10208 | D:12     | Killed a vault guard
 10277 | D:13     | Killed a vault guard
 10357 | D:13     | Found a gate to the Vaults.
 10392 | D:13     | Killed a vault guard
 10827 | D:14     | Noticed Jorgrun
 10836 | D:14     | Killed from afar by Jorgrun

Illustrated notes

Levels and vault maps discovered:
D:1:      ebering_trefoil_twist, layout_rooms
D:2:      layout_basic, chequers_hall_statues_corner_a, uniq_jessica
D:3:      layout_loops_corners, okawaru_metal_pillars_1_2,
          nicolae_tso_swordbearing_angel, first_ration,
          gammafunk_ghost_gnarly_gnolls, minmay_misc_feat_diagonals
D:4:      layout_basic, nicolae_overflow_hidden_temple
D:5:      layout_loops_ring, slow_altar_2, serial_shops, nicolae_shop_trees
D:6:      layout_rooms, lemuel_coloured_pillars_altar, portal_sewer_entry_e
D:7:      layout_loops_ring, lemuel_crystal_altar, minmay_temple_entry_mist,
          kennysheep_windowed_goal
D:8:      layout_rooms, lemuel_round_altar, serial_shops,
          nicolae_shop_waterfront, shop, shop, shop, david_nohive_1
D:9:      layout_roguey, nemelex_xobeh_ov_fountains_minmay,
          chequers_temple_overflow_statue_of_worship
D:12:     layout_basic, minmay_orc_entry_temple_small, serial_shops,
          kennysheep_mini_moat
D:13:     layout_cave_pools, erik_vaults_2
D:14:     layout_roguey, kennysheep_decorative_pillar, uniq_jorgrun, uniq_kirke,
          uniq_rupert

Skill      XL: |  1  2  3  4  5  6  7  8  9 10 11 |
---------------+----------------------------------+-----
Armour         | 4 5 |  5.0
Fighting       | 4 5 6 9 |  9.4
Shields        | 4 5 6 9 |  9.4
Maces & Flails | 3 4 6 9 12 14 | 14.0

Action                   |  1- 3 |  4- 6 |  7- 9 | 10-12 || total
-------------------------+-------+-------+-------+-------++-------
Melee: Whip              |   331 |       |       |       ||   331
       Flail             |     4 |    73 |   545 |   518 ||  1140
       Spear             |       |   125 |    19 |       ||   144
Throw: Throwing net      |       |       |       |     1 ||     1
Invok: Heroism           |       |       |     1 |       ||     1
  Use: Scroll            |     4 |     2 |     3 |     8 ||    17
       Potion            |       |     3 |     2 |       ||     5
  Eat: Chunk             |     3 |     7 |    11 |     9 ||    30
       Ration            |       |       |     1 |       ||     1
Armor: Scale mail        |   197 |    73 |    13 |       ||   283
       Skin              |       |     3 |       |     1 ||     4
       Chain mail        |       |       |   429 |   223 ||   652
Dodge: Dodged            |   104 |    48 |   175 |    62 ||   389
Block: Kite shield       |   179 |   126 |   436 |   215 ||   956
